[Event "CZE National Open 2020"]
[Site "Kouty nad Desnou"]
[Date "2020.03.09"]
[Round "3.9"]
[White "Cipl, Jan"]
[Black "Ptacek, Vladimir"]
[Result "1-0"]
[ECO "B07"]
[WhiteElo "1526"]
[BlackElo "1297"]
[Annotator "NA"]
[PlyCount "99"]
[EventDate "2020.03.07"]
[EventCountry "CZE"]
[SourceTitle "playchess.com"]
[Source "ChessBase"]
[SourceQuality "1"]
[TimeControl "5400+30"]

1. e4 d6 2. d4 Nf6 3. Nc3 Nbd7 4. Nf3 e5 5. Bc4 h6 6. O-O c6 7. dxe5 dxe5 8. Be3 Qc7 9. Qe2 Nc5 10. Nd2 b5 11. Bxc5 Bxc5 12. Bb3 O-O 13. h3 a5 14. a3 Ba6 15. Nd1 Rfd8 16. Nf3 Nh5 17. Nh4 Nf4 18. Qg4 Bc8 19. Nf5 Bxf5 20. exf5 Be7 21. Ne3 Bf6 22. Rad1 a4 23. Ba2 Rxd1 24. Rxd1 Rd8 25. Kf1 Rxd1+ 26. Qxd1 Qd8 27. b3 Qxd1+ 28. Nxd1 Nd5 29. bxa4 bxa4 30. Bxd5 cxd5 31. Nc3 d4 32. Nxa4 Be7 33. Nb6 f6 34. a4 Bc5 35. Nd7 Ba7 36. a5 Kf7 37. Nb6 Ke8 38. Nc4 Kd7 39. Ke2 Kc6 40. Kd3 Kd5 41. f3 Kc6 42. c3 dxc3 43. Kxc3 Kc5 44. Kd3 Kd5 45. Nb6+ Kc5 46. Nc8 Bb8 47. a6 Kc6 48. a7 Kb7 49. axb8=Q+ Kxb8 50. Nd6 1-0

[Event "CZE National Open 2020"]
[Site "Kouty nad Desnou"]
[Date "2020.03.09"]
[Round "4.1"]
[White "Slepankova, Radka"]
[Black "Mrkvan, Frantisek"]
[Result "1/2-1/2"]
[ECO "A22"]
[WhiteElo "1953"]
[BlackElo "1480"]
[Annotator "ChessBase"]
[PlyCount "63"]
[EventDate "2020.03.07"]
[EventCountry "CZE"]
[SourceTitle "playchess.com"]
[Source "ChessBase"]
[SourceQuality "1"]
[TimeControl "5400+30"]

1. c4 e5 2. Nc3 Nf6 3. g3 d5 4. cxd5 Nxd5 5. Bg2 Nb6 6. d3 Nc6 7. Nf3 Be7 8. Bd2 O-O 9. O-O Be6 10. Rc1 Qd7 11. Ne4 Bh3 12. Nc5 Bxc5 13. Rxc5 Bxg2 14. Kxg2 f6 15. b4 Ne7 16. Qb3+ Kh8 17. Rfc1 Rac8 18. b5 c6 19. a4 cxb5 20. axb5 Rxc5 21. Rxc5 Rc8 22. Qc2 Qxb5 23. Rxc8+ Nexc8 24. Qc7 Qd7 25. Qc5 Qd6 26. Qa5 Qd5 27. Qa3 Kg8 28. Be3 Kf7 29. Qc3 Qc6 30. Qb3+ Qd5 31. Qc3 Qc6 32. Qb3+ 1/2-1/2

[Event "CZE National Open 2020"]
[Site "Kouty nad Desnou"]
[Date "2020.03.09"]
[Round "4.2"]
[White "Cizek, Jan"]
[Black "Hrbek, Jachym"]
[Result "0-1"]
[ECO "B32"]
[WhiteElo "1566"]
[BlackElo "1433"]
[Annotator "NA"]
[PlyCount "86"]
[EventDate "2020.03.07"]
[EventCountry "CZE"]
[SourceTitle "playchess.com"]
[Source "ChessBase"]
[SourceQuality "1"]
[TimeControl "5400+30"]

1. e4 c5 2. Nf3 Nc6 3. d4 cxd4 4. Nxd4 e5 5. Nb5 d6 6. N1c3 a6 7. Na3 b5 8. Nd5 Nf6 9. Bg5 Be7 10. Bxf6 Bxf6 11. c3 Be6 12. Nc2 Ne7 13. Nce3 O-O 14. Nxf6+ gxf6 15. Bd3 Kh8 16. Qf3 Nc6 17. Nd5 Kg7 18. Qg3+ Kh8 19. Qh4 Kg7 20. O-O f5 21. Qg3+ Kh8 22. f4 Rg8 23. Qf2 fxe4 24. Bxe4 f5 25. Nf6 Qxf6 26. Bxc6 Raf8 27. Rad1 Bxa2 28. Qb6 d5 29. fxe5 Qg6 30. Rf2 Rc8 31. Qxa6 Bc4 32. Bb7 Qxa6 33. Bxa6 Rc7 34. Rxf5 Ra7 35. Bxb5 Bxb5 36. Rxd5 Ra1+ 37. Kf2 Rf1+ 38. Ke3 Rxf5 39. Rxb5 Re8 40. Ke4 Rf2 41. Kd5 Kg8 42. Kd6 Rd2+ 43. Rd5 Rd8+ 0-1

[Event "CZE National Open 2020"]
[Site "Kouty nad Desnou"]
[Date "2020.03.09"]
[Round "4.3"]
[White "Cerny, Michael"]
[Black "Vyhnalek, Jan"]
[Result "1/2-1/2"]
[ECO "A21"]
[WhiteElo "1513"]
[BlackElo "1528"]
[Annotator "NA"]
[PlyCount "42"]
[EventDate "2020.03.07"]
[EventCountry "CZE"]
[SourceTitle "playchess.com"]
[Source "ChessBase"]
[SourceQuality "1"]
[TimeControl "5400+30"]

1. c4 e5 2. Nc3 d6 3. Nf3 Nf6 4. d3 Nc6 5. g3 g6 6. Bg2 Bg7 7. O-O O-O 8. Rb1 a5 9. Bd2 Be6 10. a3 h6 11. b4 axb4 12. axb4 Qd7 13. b5 Ne7 14. Na4 Bh3 15. c5 Bxg2 16. Kxg2 Rfd8 17. cxd6 Qxd6 18. Bb4 Qe6 19. Nc5 Qb6 20. Nxe5 Nfd5 21. Ncd7 Qe6 1/2-1/2

[Event "CZE National Open 2020"]
[Site "Kouty nad Desnou"]
[Date "2020.03.09"]
[Round "4.4"]
[White "Sedy, Matej"]
[Black "Klabenes, Petr"]
[Result "1-0"]
[ECO "B30"]
[WhiteElo "1443"]
[BlackElo "1672"]
[Annotator "NA"]
[PlyCount "89"]
[EventDate "2020.03.07"]
[EventCountry "CZE"]
[SourceTitle "playchess.com"]
[Source "ChessBase"]
[SourceQuality "1"]
[TimeControl "5400+30"]

1. e4 c5 2. Nf3 Nc6 3. c4 e5 4. Nc3 g6 5. Be2 Bg7 6. O-O d6 7. h3 Nge7 8. d3 O-O 9. Nd5 Nxd5 10. cxd5 Nd4 11. Bd2 f5 12. b4 b6 13. Nxd4 cxd4 14. b5 Bd7 15. a4 Rc8 16. Qb3 f4 17. Bf3 Qg5 18. Kh2 Qh6 19. Rfc1 g5 20. Qd1 Qh4 21. Kg1 Bf6 22. Bg4 Bxg4 23. Qxg4 Qxg4 24. hxg4 Kf7 25. Rc6 Rxc6 26. bxc6 Bd8 27. a5 b5 28. a6 Bb6 29. Ba5 Ke7 30. Bxb6 axb6 31. a7 Ra8 32. Ra6 Kd8 33. Kf1 Kc7 34. Ke1 b4 35. Kd1 b3 36. Kc1 b5 37. Kb2 Kc8 38. Kxb3 Kc7 39. Kb4 Kc8 40. Kxb5 Kc7 41. Ka5 h5 42. gxh5 g4 43. h6 f3 44. g3 Rh8 45. Rb6 1-0

[Event "CZE National Open 2020"]
[Site "Kouty nad Desnou"]
[Date "2020.03.09"]
[Round "4.5"]
[White "Steinbauer, Sebastian"]
[Black "Vcela, Martin"]
[Result "1-0"]
[ECO "B20"]
[WhiteElo "1527"]
[BlackElo "1307"]
[Annotator "NA"]
[PlyCount "87"]
[EventDate "2020.03.07"]
[EventCountry "CZE"]
[SourceTitle "playchess.com"]
[Source "ChessBase"]
[SourceQuality "1"]
[TimeControl "5400+30"]

1. e4 c5 2. d4 cxd4 3. c4 dxc3 4. Nxc3 Nc6 5. Bc4 d6 6. Nf3 Nf6 7. e5 Nd7 8. exd6 exd6 9. O-O Be7 10. Nd5 O-O 11. Nxe7+ Qxe7 12. Re1 Qd8 13. Bd2 Nb6 14. Bd3 Bg4 15. Qc2 Bxf3 16. Bxh7+ Kh8 17. gxf3 g6 18. Bxg6 fxg6 19. Rad1 Kh7 20. Bc3 Qg5+ 21. Kh1 Ne5 22. Rg1 Qh5 23. Rde1 Qxf3+ 24. Rg2 Rae8 25. Bxe5 Rf5 26. Qc7+ Rf7 27. Qxd6 Qc6 28. Qd3 Rxe5 29. Rxe5 Rxf2 30. Re7+ Kg8 31. Qxg6+ Qxg6 32. Rxg6+ Kf8 33. Rxb7 Rxb2 34. Rxa7 Nd5 35. Rg2 Rb1+ 36. Rg1 Rb6 37. Rd1 Nf6 38. Rd8+ Ne8 39. Raa8 Re6 40. Rxe8+ Rxe8 41. Rxe8+ Kxe8 42. Kg2 Kd7 43. h4 Ke6 44. Kg3 1-0

[Event "CZE National Open 2020"]
[Site "Kouty nad Desnou"]
[Date "2020.03.09"]
[Round "4.6"]
[White "Sichrovsky, Tomas"]
[Black "Cipl, Jan"]
[Result "1/2-1/2"]
[ECO "D41"]
[WhiteElo "1470"]
[BlackElo "1526"]
[Annotator "NA"]
[PlyCount "50"]
[EventDate "2020.03.07"]
[EventCountry "CZE"]
[SourceTitle "playchess.com"]
[Source "ChessBase"]
[SourceQuality "1"]
[TimeControl "5400+30"]

1. d4 d5 2. c4 e6 3. Nc3 Nf6 4. Nf3 c5 5. cxd5 exd5 6. Bg5 Be6 7. g3 Nc6 8. Bxf6 Qxf6 9. dxc5 Bxc5 10. Bg2 O-O 11. O-O Rad8 12. Qa4 a6 13. Rac1 Ba7 14. e3 Rfe8 15. Rfd1 d4 16. exd4 Bg4 17. Rd3 Bxf3 18. Rxf3 Qxd4 19. Qb3 Ne5 20. Rf4 Qd7 21. Rd1 Qe7 22. Rxd8 Rxd8 23. Nd5 Qc5 24. Nc3 b5 25. Bd5 Rd7 1/2-1/2

[Event "CZE National Open 2020"]
[Site "Kouty nad Desnou"]
[Date "2020.03.09"]
[Round "4.7"]
[White "Svacina, Tobias"]
[Black "Hobza, Radek"]
[Result "1-0"]
[ECO "C02"]
[WhiteElo "1601"]
[BlackElo "1334"]
[Annotator "NA"]
[PlyCount "63"]
[EventDate "2020.03.07"]
[EventCountry "CZE"]
[SourceTitle "playchess.com"]
[Source "ChessBase"]
[SourceQuality "1"]
[TimeControl "5400+30"]

1. e4 e6 2. d4 d5 3. e5 c5 4. c3 Nc6 5. Nf3 Qb6 6. Be2 cxd4 7. cxd4 Nge7 8. Na3 Nf5 9. Nc2 Bb4+ 10. Kf1 Be7 11. h4 h5 12. g3 Bd7 13. Kg2 f6 14. Bd3 g6 15. Re1 O-O-O 16. exf6 Bxf6 17. Bg5 Rdf8 18. Bxf5 gxf5 19. Qd2 Rhg8 20. b4 Bxg5 21. Nxg5 Rf6 22. Qf4 Qc7 23. Nh3 Rg4 24. Qxc7+ Kxc7 25. Nf4 Ne7 26. Ne3 Rg8 27. Kh2 Rh6 28. Re2 Ng6 29. Neg2 Kd6 30. Rc1 Bb5 31. Rxe6+ Kd7 32. Rce1 1-0

[Event "CZE National Open 2020"]
[Site "Kouty nad Desnou"]
[Date "2020.03.09"]
[Round "4.8"]
[White "Jun, Rostislav"]
[Black "Zaza, Martin"]
[Result "0-1"]
[ECO "C22"]
[WhiteElo "1342"]
[BlackElo "1574"]
[Annotator "NA"]
[PlyCount "54"]
[EventDate "2020.03.07"]
[EventCountry "CZE"]
[SourceTitle "playchess.com"]
[Source "ChessBase"]
[SourceQuality "1"]
[TimeControl "5400+30"]

1. e4 e5 2. d4 exd4 3. Qxd4 Nc6 4. Qe3 Nf6 5. Nc3 Bb4 6. Bd2 O-O 7. O-O-O Re8 8. Bd3 d5 9. Qe1 d4 10. Nb1 Bxd2+ 11. Nxd2 Be6 12. Kb1 Nb4 13. b3 Nxd3 14. cxd3 a5 15. Rc1 a4 16. Qd1 axb3 17. axb3 Qe7 18. Qc2 Ra6 19. Qb2 Rea8 20. Ngf3 c5 21. h3 b5 22. Rc2 Qa7 23. Kc1 Ra1+ 24. Nb1 Ra2 25. Qxa2 Qxa2 26. Rxa2 Rxa2 27. Nfd2 Nd7 0-1

[Event "CZE National Open 2020"]
[Site "Kouty nad Desnou"]
[Date "2020.03.09"]
[Round "4.9"]
[White "Pejrimovsky, Tadeas Rubel"]
[Black "Mrazek, Adam"]
[Result "1-0"]
[ECO "B20"]
[WhiteElo "1502"]
[BlackElo "1259"]
[Annotator "NA"]
[PlyCount "43"]
[EventDate "2020.03.07"]
[EventCountry "CZE"]
[SourceTitle "playchess.com"]
[Source "ChessBase"]
[SourceQuality "1"]
[TimeControl "5400+30"]

1. e4 c5 2. b4 cxb4 3. a3 d5 4. exd5 Qxd5 5. Nf3 e5 6. c4 Qe6 7. Bd3 e4 8. O-O Qf6 9. Bxe4 Qxa1 10. Qb3 Qf6 11. axb4 Bd6 12. Bb2 Qh6 13. c5 Bc7 14. Bd5 Qg6 15. Re1+ Ne7 16. Nh4 Qh5 17. Bxg7 Qxh4 18. Bxf7+ Kd8 19. g3 Qg5 20. Bxh8 Nbc6 21. Qd3+ Bd7 22. Be6 1-0

[Event "CZE National Open 2020"]
[Site "Kouty nad Desnou"]
[Date "2020.03.10"]
[Round "5.2"]
[White "Vyhnalek, Jan"]
[Black "Sedy, Matej"]
[Result "1/2-1/2"]
[ECO "A13"]
[WhiteElo "1528"]
[BlackElo "1443"]
[Annotator "NA"]
[PlyCount "97"]
[EventDate "2020.03.07"]
[EventCountry "CZE"]
[SourceTitle "playchess.com"]
[Source "ChessBase"]
[SourceQuality "1"]
[TimeControl "5400+30"]

1. c4 e6 2. Nf3 Nf6 3. g3 d5 4. cxd5 exd5 5. Bg2 Be7 6. O-O O-O 7. d3 Re8 8. b3 c6 9. Bb2 Bd6 10. Qc2 Bg4 11. Nc3 Bb4 12. a3 Bf8 13. Rad1 d4 14. Ne4 Nxe4 15. dxe4 c5 16. e3 Nc6 17. exd4 Bxf3 18. Bxf3 cxd4 19. Be2 Rc8 20. Qb1 Bc5 21. b4 Bb6 22. Kg2 Qf6 23. Rd2 Rcd8 24. f3 Re6 25. Rfd1 Red6 26. Qa1 g5 27. Qa2 Ne5 28. Qb3 a6 29. Bc4 Nxc4 30. Qxc4 R8d7 31. Qe2 Qe7 32. Qc4 Qf6 33. Qb3 Qe5 34. Qd3 Rd8 35. Qe2 h6 36. Rd3 R8d7 37. Kh1 Rd8 38. Qf2 R8d7 39. Re1 Qb5 40. Qd2 a5 41. f4 axb4 42. axb4 f6 43. Kg2 Qc6 44. Kf1 g4 45. Qg2 h5 46. e5 Qxg2+ 47. Kxg2 fxe5 48. Rxe5 Rd5 49. Re6 1/2-1/2

[Event "CZE National Open 2020"]
[Site "Kouty nad Desnou"]
[Date "2020.03.10"]
[Round "5.3"]
[White "Mrkvan, Frantisek"]
[Black "Steinbauer, Sebastian"]
[Result "1/2-1/2"]
[ECO "B38"]
[WhiteElo "1480"]
[BlackElo "1527"]
[Annotator "NA"]
[PlyCount "92"]
[EventDate "2020.03.07"]
[EventCountry "CZE"]
[SourceTitle "playchess.com"]
[Source "ChessBase"]
[SourceQuality "1"]
[TimeControl "5400+30"]

1. e4 c5 2. Nf3 Nc6 3. d4 cxd4 4. Nxd4 g6 5. c4 Bg7 6. Be3 Nf6 7. Nc3 O-O 8. f3 d6 9. Qd2 Bd7 10. Be2 Re8 11. O-O a6 12. Rac1 Rc8 13. b3 Qa5 14. a3 Nh5 15. g4 Nf4 16. Nxc6 Nxe2+ 17. Nxe2 Qxd2 18. Nxe7+ Rxe7 19. Bxd2 Bb2 20. Rc2 Bxa3 21. b4 a5 22. bxa5 Bc5+ 23. Kg2 Bc6 24. Ng3 Ra8 25. Re1 f6 26. Ra2 b6 27. Be3 Bb4 28. Rea1 bxa5 29. Bd2 Rb8 30. Bxb4 axb4 31. Rb2 Bd7 32. Rab1 Be6 33. Rxb4 Rc8 34. Rd1 Rc6 35. Rb8+ Kf7 36. Rd8 Rxc4 37. R8xd6 Rc2+ 38. R1d2 Rec7 39. Nf1 Rxd2+ 40. Rxd2 Rd7 41. Rb2 f5 42. exf5 gxf5 43. Ne3 fxg4 44. Nxg4 Bxg4 45. fxg4 h5 46. gxh5 Rd5 1/2-1/2

[Event "CZE National Open 2020"]
[Site "Kouty nad Desnou"]
[Date "2020.03.10"]
[Round "5.4"]
[White "Svacina, Tobias"]
[Black "Cerny, Michael"]
[Result "0-1"]
[ECO "B33"]
[WhiteElo "1601"]
[BlackElo "1513"]
[Annotator "NA"]
[PlyCount "111"]
[EventDate "2020.03.07"]
[EventCountry "CZE"]
[SourceTitle "playchess.com"]
[Source "ChessBase"]
[SourceQuality "1"]
[TimeControl "5400+30"]

1. e4 c5 2. Nf3 Nc6 3. d4 cxd4 4. Nxd4 Nf6 5. Nc3 g6 6. Be3 Bg7 7. Be2 O-O 8. Nb3 a6 9. f4 d6 10. g4 h6 11. h4 b5 12. g5 Nh7 13. h5 e5 14. gxh6 Bf6 15. hxg6 fxg6 16. Qd5+ Kh8 17. Qxc6 Bh4+ 18. Kd2 Rb8 19. Rag1 Bb7 20. Qb6 Qe7 21. fxe5 dxe5 22. Qxg6 Rg8 23. Qh5 Bg5 24. Bxg5 Nxg5 25. Bd3 Rbf8 26. Kc1 b4 27. Nd5 Qd8 28. Nc5 Bxd5 29. exd5 Qxd5 30. Ne4 Nxe4 31. Rxg8+ Rxg8 32. h7 Rf8 33. Rg1 Nf6 34. Qh6 Rf7 35. Qxf6+ Rxf6 36. Rg8+ Qxg8 37. hxg8=Q+ Kxg8 38. Kd2 Kf7 39. Ke3 Rd6 40. a4 bxa3 41. bxa3 a5 42. a4 Rd4 43. Bb5 Ke6 44. c3 Rh4 45. c4 Rd4 46. c5 Ke7 47. c6 Kd8 48. Ke2 Kc7 49. Ke3 Rb4 50. Kd3 e4+ 51. Ke3 Kb6 52. Kf4 Rxb5 53. axb5 a4 54. Ke5 Kc7 55. b6+ Kxc6 56. Kd4 0-1

[Event "CZE National Open 2020"]
[Site "Kouty nad Desnou"]
[Date "2020.03.10"]
[Round "5.5"]
[White "Zaza, Martin"]
[Black "Hobza, Vojtech"]
[Result "1-0"]
[ECO "A01"]
[WhiteElo "1574"]
[BlackElo "1374"]
[Annotator "NA"]
[PlyCount "95"]
[EventDate "2020.03.07"]
[EventCountry "CZE"]
[SourceTitle "playchess.com"]
[Source "ChessBase"]
[SourceQuality "1"]
[TimeControl "5400+30"]

1. b3 d5 2. Bb2 Nc6 3. Nf3 f6 4. d4 Bf5 5. a3 e6 6. e3 Bd6 7. Bb5 Qd7 8. Nbd2 a6 9. Bxc6 bxc6 10. b4 Ne7 11. c4 Ng6 12. c5 Be7 13. Nb3 O-O 14. Na5 Rfb8 15. Qa4 Rb5 16. h4 h5 17. Ng1 e5 18. Ne2 Qe8 19. Nc3 Rxa5 20. bxa5 Rb8 21. Nd1 Rb5 22. Kd2 Qb8 23. Bc3 exd4 24. exd4 Nf4 25. Bb4 Qe8 26. Ne3 Bh7 27. g3 Nd3 28. Rhf1 Qg6 29. Qc2 Nxb4 30. Qxg6 Bxg6 31. axb4 Rxb4 32. Kc3 Rb5 33. f4 Be4 34. Rf2 f5 35. Rb2 Bf6 36. Rxb5 cxb5 37. Rd1 c6 38. Rd2 Bd8 39. Kb4 Kf7 40. Nd1 Ke6 41. Nc3 g6 42. Kb3 Bf6 43. Na2 Bd8 44. Nb4 Bxa5 45. Ra2 Bd8 46. Rxa6 Bf6 47. Rxc6+ Kf7 48. Kc3 1-0

[Event "CZE National Open 2020"]
[Site "Kouty nad Desnou"]
[Date "2020.03.10"]
[Round "5.6"]
[White "Holaskova, Veronika"]
[Black "Cizek, Jan"]
[Result "0-1"]
[ECO "B24"]
[WhiteElo "1376"]
[BlackElo "1566"]
[Annotator "NA RC"]
[PlyCount "106"]
[EventDate "2020.03.07"]
[EventCountry "CZE"]
[SourceTitle "playchess.com"]
[Source "ChessBase"]
[SourceQuality "1"]
[TimeControl "5400+30"]

1. e4 c5 2. Nc3 Nc6 3. Bc4 Nf6 4. d3 d6 5. Bg5 Bg4 6. f3 Bd7 7. Nge2 e6 8. Qd2 a6 9. a3 b5 10. Ba2 Be7 11. f4 O-O 12. O-O Qb6 13. Kh1 a5 14. Ng3 b4 15. Nce2 a4 16. axb4 Nxb4 17. e5 Nfd5 18. c4 Bxg5 19. cxd5 Nxa2 20. dxe6 Bxe6 21. fxg5 dxe5 22. Ne4 Kh8 23. N2c3 Nxc3 24. Nxc3 Bb3 25. Qe3 Qd6 26. Nb5 Qc6 27. Na3 Qd5 28. Rac1 Qd4 29. Nc4 Bxc4 30. Qxd4 cxd4 31. Rxc4 f5 32. gxf6 gxf6 33. Ra1 Rfb8 34. Rcxa4 Rxa4 35. Rxa4 Rxb2 36. Kg1 Kg7 37. Kf1 Kg6 38. Ra8 Rd2 39. Rg8+ Kf7 40. Rg3 f5 41. Ke1 Ra2 42. h4 Kf6 43. h5 e4 44. Rg8 exd3 45. Rf8+ Kg5 46. h6 Re2+ 47. Kd1 Rf2 48. Rf7 Kxh6 49. Rd7 Rxg2 50. Rxd4 d2 51. Rd6+ Kg5 52. Rd7 Rh2 53. Rd5 Kg4 0-1

[Event "CZE National Open 2020"]
[Site "Kouty nad Desnou"]
[Date "2020.03.10"]
[Round "5.7"]
[White "Cipl, Jan"]
[Black "Strnad, Vladimir"]
[Result "1-0"]
[ECO "B30"]
[WhiteElo "1526"]
[BlackElo "1356"]
[Annotator "NA RC"]
[PlyCount "35"]
[EventDate "2020.03.07"]
[EventCountry "CZE"]
[SourceTitle "playchess.com"]
[Source "ChessBase"]
[SourceQuality "1"]
[TimeControl "5400+30"]

1. e4 c5 2. Nf3 Nc6 3. c4 e5 4. d3 Be7 5. Bd2 Nf6 6. Be2 O-O 7. O-O d6 8. Nc3 Bg4 9. a3 Qd7 10. Rb1 Nd4 11. Nxd4 cxd4 12. Bxg4 Qxg4 13. Qxg4 Nxg4 14. Nd5 Bf6 15. h3 Nxf2 16. Nxf6+ gxf6 17. Rxf2 Kg7 18. Rbf1 1-0

[Event "CZE National Open 2020"]
[Site "Kouty nad Desnou"]
[Date "2020.03.10"]
[Round "5.8"]
[White "Mametev, Artem"]
[Black "Pejrimovsky, Tadeas Rubel"]
[Result "1-0"]
[ECO "B33"]
[WhiteElo "1419"]
[BlackElo "1502"]
[Annotator "NA"]
[PlyCount "69"]
[EventDate "2020.03.07"]
[EventCountry "CZE"]
[SourceTitle "playchess.com"]
[Source "ChessBase"]
[SourceQuality "1"]
[TimeControl "5400+30"]

1. e4 c5 2. Nf3 Nc6 3. d4 cxd4 4. Nxd4 Nf6 5. Nc3 e5 6. Ndb5 d6 7. Bg5 a6 8. Bxf6 gxf6 9. Na3 b5 10. Nd5 f5 11. c3 Bg7 12. exf5 Bxf5 13. Nc2 O-O 14. Nce3 Be6 15. Bd3 f5 16. Bc2 Kh8 17. Qh5 e4 18. Nf4 Qf6 19. Nxe6 Qxe6 20. Bb3 Qe5 21. Rd1 Ne7 22. Nd5 a5 23. Nxe7 Qxe7 24. Bd5 Rac8 25. O-O f4 26. Qe2 f3 27. Qxe4 Qg5 28. g3 Rce8 29. Qh4 Qg6 30. Rde1 Bf6 31. Rxe8 Rxe8 32. Qf4 Be5 33. Qxf3 Qc2 34. Be4 Qd2 35. Qf7 1-0

[Event "CZE National Open 2020"]
[Site "Kouty nad Desnou"]
[Date "2020.03.10"]
[Round "5.9"]
[White "Milfort, Vaclav"]
[Black "Sichrovsky, Tomas"]
[Result "1-0"]
[ECO "A06"]
[WhiteElo "1350"]
[BlackElo "1470"]
[Annotator "NA RC"]
[PlyCount "66"]
[EventDate "2020.03.07"]
[EventCountry "CZE"]
[SourceTitle "playchess.com"]
[Source "ChessBase"]
[SourceQuality "1"]
[TimeControl "5400+30"]

1. b3 d5 2. Nf3 c5 3. Bb2 Nf6 4. e3 e6 5. c4 Be7 6. Nc3 O-O 7. d4 b6 8. Be2 Bb7 9. h3 Nbd7 10. Qc2 Rc8 11. Nb5 a6 12. Nc3 Bd6 13. g4 cxd4 14. exd4 dxc4 15. bxc4 Bxf3 16. Bxf3 Rxc4 17. Qd3 Qc7 18. Rc1 Bb4 19. a3 Bxc3+ 20. Rxc3 Rxc3 21. Qxc3 Qxc3+ 22. Bxc3 Nd5 23. Bxd5 exd5 24. Kd2 f5 25. Bb4 Re8 26. gxf5 Kf7 27. Rc1 Rb8 28. Rc7 Ke8 29. Bd6 Ra8 30. Rc1 Nf6 31. f3 Kd7 32. Be5 Rc8 33. Rg1 Rg8 1-0